cohdb
Replays
Latest Replays
All Replays
Popular Replays
Top Player Replays
Match Explorer
How It Works
Community
CoH3 Stats
Reddit
Sign in to upload your games and track your stats! →
Sign in with Steam
Match 41393958
Unlisted
Match 41393958
Overview
Messages
Build Orders
End
Royal Engineer Section
Construct Section Command Post
Infantry Section
Infantry Section
Vickers Machine Gun Team
Construct Field Infirmary
Selects Air and Sea Battlegroup
Infantry Section
Construct Platoon Command Post
Selects Commando Section Paradrop
Selects Commando Support Section Paradrop
Humber Armored Car
Grenade Package
RebelWarrior
Grand.G
0
0
Comments
sign in to comment!
No comments posted yet!